 Dungeon Crawl Stone Soup version 0.25.1-1-g288607f5aa (webtiles) character file.

Game seed: 4679837660211175902

1107 DildoBatman the Conjurer (level 8, 0/52 HPs)
             Began as a Formicid Wizard on July 24, 2020.
             Was an Initiate of Kikubaaqudgha.
             Slain by an orc priest
             ... wielding a +0 war axe
              (7 damage)
             ... on level 5 of the Dungeon.
             The game lasted 00:17:31 (5507 turns).

DildoBatman the Conjurer (Formicid Wizard)          Turns: 5507, Time: 00:17:32

Health: 0/52       AC:  3    Str: 12    XL:     8   Next: 59%
Magic:  7/12       EV: 12    Int: 29    God:    Kikubaaqudgha [......]
Gold:   282        SH:  0    Dex: 14    Spells: 4/13 levels left

rFire    + . .     SeeInvis +   a - +4 dagger
rCold    x . .     Gourm    .   (no shield)
rNeg     . . .     Faith    .   p - +1 robe "Liac Lass" {Int+3 Dex+5}
rPois    .         Spirit   .   (helmet unavailable)
rElec    .         Reflect  .   (no cloak)
rCorr    .         Harm     .   (no gloves)
MR       .....                  (no boots)
Stlth    ++........             (no amulet)
HPRegen  0.17/turn              k - ring of fire
MPRegen  0.13/turn              G - +6 ring of intelligence

@: no status effects
A: permanent stasis, dig shafts and tunnels, four strong arms, antennae 3
a: Dig, Shaft Self, Renounce Religion


You were on level 5 of the Dungeon.
You worshipped Kikubaaqudgha.
Kikubaaqudgha was noncommittal.
You were near starving.

You visited 1 branch of the dungeon, and saw 6 of its levels.

You collected 282 gold pieces.

Inventory:

Hand Weapons
 a - a +4 dagger (weapon)
 b - a +0 hunting sling
 d - a +1 long sword of flaming
 e - a +0 trident
Missiles
 c - 44 arrows
 h - 194 stones (quivered)
 t - a throwing net
 A - 50 poisoned darts
 B - 74 sling bullets
 F - 25 bolts
Armour
 p - the +1 robe "Liac Lass" (worn) {Int+3 Dex+5}
   (You found it on level 5 of the Dungeon)

   It affects your intelligence (+3).
   It affects your dexterity (+5).
Jewellery
 k - a ring of fire (left hand)
 G - a +6 ring of intelligence (right hand)
 M - an uncursed ring of protection from magic
 O - an uncursed ring of protection from magic
Wands
 u - a wand of polymorph (4)
 K - a wand of paralysis (8)
Scrolls
 f - a scroll of random uselessness {unknown}
 j - 2 scrolls of enchant weapon
 n - 2 scrolls of amnesia
 r - 2 scrolls of vulnerability {unknown}
 s - a scroll of noise {unknown}
 x - a scroll of remove curse
 y - a scroll of fear {unknown}
 z - a scroll of identify
 C - a scroll of immolation {unknown}
 D - a scroll of fog {unknown}
 J - a scroll of enchant armour {unknown}
 L - a scroll of magic mapping
Potions
 g - a potion of stabbing {unknown}
 l - a potion of ambrosia {unknown}
 m - 2 potions of haste {unknown}
 o - 3 potions of degeneration {unknown}
 q - 3 potions of flight {unknown}
 E - 2 potions of curing {unknown}
 H - a potion of heal wounds
 I - 2 potions of might {unknown}
Comestibles
 v - 11 rations


   Skills:
 - Level 1.7 Dodging
 - Level 2.4 Stealth
 - Level 3.2 Spellcasting
 - Level 6.0 Conjurations
   Level 1.0 Summonings
   Level 0.8 Translocations
 * Level 4.7 Fire Magic
 * Level 3.8 Air Magic


You had 4 spell levels left.
You knew the following spells:

 Your Spells              Type           Power        Failure   Level  Hunger
a - Conjure Flame         Conj/Fire      ######..     2%          3    ##.....
c - Magic Dart            Conj           ####         1%          1    None
d - Slow                  Hex            #.......     12%         2    #......
e - Mephitic Cloud        Conj/Pois/Air  ###.....     6%          3    ##.....

Your spell library contained the following spells:

 Spells                   Type           Power        Failure   Level  Hunger
 Animate Skeleton         Necr           N/A          8%          1    None
 Pain                     Necr           #...         8%          1    None
 Call Imp                 Summ           ##......     8%          2    #......
 Vampiric Draining        Necr           #.........   22%         3    ##.....
 Animate Dead             Necr           N/A          58%         4    ####...
 Agony                    Necr           #.......     91%         5    ######.
 Blink                    Tloc           Unusable     N/A         2    N/A

Dungeon Overview and Level Annotations

Branches:
Dungeon (6/15)
 Temple: D:4-7

Altars:
Ashenzari
Kikubaaqudgha
Makhleb
Ru
Zin

Shops:
D:5 }


Innate Abilities, Weirdness & Mutations

You cannot be hasted, slowed, berserked, paralysed or teleported.
You can dig through walls and to a lower floor.
Your four strong arms can wield two-handed weapons with a shield.
You have a pair of large antennae on your head. (SInv)


Message History

You extend your mandibles.
You dig through the rock wall.
The orc priest invokes the aid of Beogh against you.
Beogh smites you!
Casting: Mephitic Cloud (dangerous; 6% risk of failure)
Confirm with . or Enter, or press ? or * to list all spells.
Aiming: Mephitic Cloud (dangerous; 6% risk of failure)
Press: ? - help, Shift-Dir - straight line, f - orc priest
Aim: an orc priest, wielding a +0 war axe and wearing a +0 leather armour The ball explodes into a vile cloud!
The stinking cloud engulfs the orc priest but does no damage.
The orc priest is engulfed in noxious fumes.
You retract your mandibles.
You hit the orc priest but do no damage.
The orc priest is lightly wounded.
The orc priest is engulfed in noxious fumes.
The orc priest appears confused.
The orc priest hits you with a +0 war axe!
You die...
Kikubaaqudgha rasps: "You have failed me!
Welcome... death!"

### ****##########§##
*,,,....{...#.#o## ######
*,,,...oo....###@# #.....
*,,,........## ### #.....
*,,,..(.o...################..8..
*,,,..?.o...{......).............
*,,,..................#.....8.∩<8
**>,.............................
*,*########..........#.......8..
*,*****########.................
*,,,,,,.........................


You could see an orc priest (confused).

Vanquished Creatures
  Sigmund (D:2)
  A phantom (D:3)
  A bullfrog (D:6)
  2 scorpions
  3 orc priests
  2 hounds (D:4)
  7 orc wizards
  2 centaur skeletons
  Jessica (D:3)
  A worker ant (D:4)
  A hound skeleton (D:6)
  A worker ant zombie (D:5)
  7 gnolls
  5 adders
  A shadow imp (D:3)
  2 oozes (D:2)
  2 adder zombies
  An adder skeleton (D:5)
  3 worms
  2 dart slugs
  A leopard gecko (D:3)
  15 orcs
  2 ball pythons
  2 giant cockroaches
  3 goblins
  7 hobgoblins
  4 jackals (D:3)
  6 kobolds
  A quokka (D:2)
  A ball python skeleton (D:4)
  6 bats
  3 frilled lizards
  A giant cockroach zombie (D:6)
  A jackal skeleton (D:4)
  5 rats
  4 rat zombies (D:6)
108 creatures vanquished.

Notes
Turn   | Place    | Note
-------+----------+-------------------------------------------
     0 | D:1      | DildoBatman the Formicid Wizard began the quest for the
                  | Orb.
     0 | D:1      | Reached XP level 1. HP: 13/13 MP: 4/4
    68 | D:1      | Reached skill level 1 in Conjurations
   298 | D:1      | Reached XP level 2. HP: 19/19 MP: 3/6
   521 | D:1      | Reached skill level 2 in Conjurations
   772 | D:2      | Reached XP level 3. HP: 24/24 MP: 0/7
   849 | D:2      | Found a shattered altar of Ashenzari.
  1168 | D:1      | Reached skill level 3 in Conjurations
  1168 | D:1      | Reached XP level 4. HP: 22/30 MP: 0/8
  1708 | D:3      | Noticed Jessica
  1735 | D:3      | Reached skill level 4 in Conjurations
  1735 | D:3      | Reached XP level 5. HP: 30/35 MP: 2/9
  2133 | D:3      | Noticed Sigmund
  2709 | D:3      | Found a glowing silver altar of Zin.
  2710 | D:3      | Found a sacrificial altar of Ru.
  2947 | D:3      | Learned a level 2 spell: Slow
  2951 | D:3      | Learned a level 3 spell: Mephitic Cloud
  2955 | D:3      | Learned a level 3 spell: Conjure Flame
  3068 | D:4      | Noticed a phantom
  3182 | D:4      | Reached skill level 5 in Conjurations
  3182 | D:4      | Reached XP level 6. HP: 31/41 MP: 4/10
  3681 | D:4      | Reached skill level 6 in Conjurations
  3681 | D:4      | Reached XP level 7. HP: 23/46 MP: 8/11
  3733 | D:4      | Reached skill level 1 in Fire Magic
  3733 | D:4      | Reached skill level 1 in Air Magic
  4120 | D:5      | Entered Level 5 of the Dungeon
  4205 | D:6      | Found an ancient bone altar of Kikubaaqudgha.
  4207 | D:6      | Became a worshipper of Kikubaaqudgha
  4247 | D:6      | Found a burning altar of Makhleb.
  4428 | D:6      | Reached XP level 8. HP: 34/52 MP: 3/12
  4760 | D:3      | Killed Jessica
  4924 | D:2      | Killed Sigmund
  5055 | D:5      | Found Sado's Gadget Shoppe.
  5110 | D:5      | Got a wizard robe
  5121 | D:5      | Identified the +1 robe "Liac Lass" {Int+3 Dex+5} (You found
                  | it on level 5 of the Dungeon)
  5507 | D:5      | Slain by an orc priest

Illustrated notes

Levels and vault maps discovered:
D:1:      dpeg_arrival_rooms_with_view, layout_rooms
D:2:      layout_basic, evilmike_ruin_ashenzari
D:3:      layout_loops_ring, gammafunk_temple_overflow_pools, first_ration,
          uniq_jessica, uniq_sigmund
D:4:      layout_basic, corexii_corridor_pit
D:5:      layout_basic, serial_shops, nicolae_shop_statue_plus
D:6:      layout_cave_pools, nicolae_overflow_hidden_temple,
          lemuel_zombie_altar_kikubaaqudgha

Skill      XL: |  1  2  3  4  5  6  7  8 |
---------------+-------------------------+-----
Conjurations   | 1 2 3 4 5 6 |  6.0
Fire Magic     | 3 4 |  4.7
Air Magic      | 2 3 |  3.8
Dodging        | |  1.7
Stealth        | |  2.4
Spellcasting   | |  3.2
Summonings     | |  1.0
Translocations | |  0.8

Action                   |  1- 3 |  4- 6 |  7- 9 || total
-------------------------+-------+-------+-------++-------
Melee: Club              |    12 |       |       ||    12
       Long sword        |       |    34 |    46 ||    80
       Dagger            |       |       |    47 ||    47
 Fire: Hunting sling     |       |    53 |       ||    53
 Cast: Magic Dart        |    74 |   128 |    57 ||   259
       Mephitic Cloud    |       |     1 |     9 ||    10
       Conjure Flame     |       |     1 |     2 ||     3
 Abil: Dig               |     4 |     5 |    10 ||    19
  Use: Scroll            |       |     5 |     3 ||     8
       Potion            |       |     2 |       ||     2
 Stab: Confused          |       |       |     2 ||     2
       Sleeping          |       |       |     1 ||     1
  Eat: Chunk             |     1 |     8 |     6 ||    15
Armor: Robe              |     4 |    11 |     4 ||    19
       Ring mail         |       |    12 |       ||    12
Dodge: Dodged            |    27 |    63 |    43 ||   133
       Rpst.: Long sword |       |     6 |     7 ||    13
